 Dungeon Crawl Stone Soup version 0.17.0-26-gececa24 (webtiles) character file.

70 inmateoo the Vexing (level 4, -7/30 HPs)
             Began as a Vampire Enchanter on Nov 20, 2015.
             Killed by divine providence
             ... invoked by an orc priest
              (14 damage)
             ... on level 3 of the Dungeon.
             The game lasted 00:02:38 (1621 turns).

inmateoo the Vexing (Vampire Enchanter)             Turns: 1621, Time: 00:02:38

Health: -7/30      AC:  6    Str:  7    XL:     4   Next: 3%
Magic:  2/8        EV: 12    Int: 18    God:
Gold:   56         SH:  0    Dex: 14    Spells: 3 memorised, 2 levels left

rFire  . . .     SeeInvis +     a - +1 dagger
rCold  . . .     Clarity  .     g - +3 leather armour
rNeg   . . .     SustAt   .     (no shield)
rPois  .         Gourm    .     (no helmet)
rElec  .         Spirit   .     (no cloak)
rCorr  .         Warding  .     (no gloves)
rMut   .         Stasis   .     (no boots)
MR     .....                    (no amulet)
Stlth  +++.......               (no ring)
                                (no ring)

@: regenerating quickly, not resistant to hostile enchantments, fairly stealthy
A: fangs 3, see invisible, unbreathing
a: no special abilities


You were on level 3 of the Dungeon.
You were very full.

You visited 1 branch of the dungeon, and saw 3 of its levels.

You collected 56 gold pieces.

Inventory:

Hand Weapons
 a - a +1 dagger (weapon)
Armour
 g - a +3 leather armour (worn)
Scrolls
 b - a scroll of identify
 h - 2 scrolls of remove curse
 i - a scroll of noise {unknown}
 j - a scroll of enchant weapon {unknown}
 l - a scroll of fog {unknown}
 n - a scroll of amnesia {unknown}
Potions
 d - a potion of blood
 e - 2 potions of might
Books
 c - a book of Maledictions

   Spells                             Type                      Level
   a - Corona                         Hexes                        1
   b - Ensorcelled Hibernation        Hexes/Ice                    2
   c - Confuse                        Hexes                        3
   d - Tukima's Dance                 Hexes                        3
   e - Dazzling Spray                 Conjuration/Hexes            3


   Skills:
 + Level 0.1 Fighting
 + Level 1.2 Short Blades
 + Level 2.2 Dodging
 + Level 4.6 Stealth
 + Level 2.6 Spellcasting
 * Level 6.2 Hexes


You had 2 spell levels left.
You knew the following spells:

 Your Spells              Type           Power        Failure   Level  Hunger
a - Corona                Hex            ###....      1%          1    #......
b - Ensorcelled Hibernat  Hex/Ice        ##....       12%         2    ##.....
c - Confuse               Hex            ###.....     10%         3    ###....


Dungeon Overview and Level Annotations

Branches:
Dungeon (3/15)

Altars:


Innate Abilities, Weirdness & Mutations

Your natural rate of healing is unusually fast.
You have razor-sharp teeth.
You have supernaturally acute eyesight.
You can survive without breathing.


Message History

It was a potion of haste.
You feel yourself speed up.
Drink which item? (? for menu, Esc to quit)
It was a potion of cancellation.
Your magical effects are unravelling.
Your magical contamination has completely faded away.
You feel magically purged.
You feel yourself slow down.
You feel a little less mighty now.
The orc priest looks braver for a moment.
Unknown command.
Read which item? (? for menu, Esc to quit)
As you read the scroll labeled QETYARUSTRA, it crumbles to dust.
It is a scroll of identify.
Identify which item? (\ to view known items) (? for menu, Esc to quit)
h - 2 scrolls of remove curse Read which item? (? for menu, Esc to quit)
As you read the scroll labeled ZAIBLA WAOL, it crumbles to dust.
You feel aware of your surroundings.
It was a scroll of magic mapping.
The orc priest mumbles some strange prayers to Beogh against you.
Something smites you!
You die...

#.#
#.############
#.#..........#
#.#.########.#
#o#.##.....#.#
#o#.##.###.#.#
#.#....#<..#.#
#)##########.#
#..).o..o@...#
##############


You could see 2 orc priests.

Vanquished Creatures
  An adder (D:2)
  3 oozes
  A worm (D:2)
  2 orcs (D:3)
  A ball python (D:1)
  5 hobgoblins
  2 jackals (D:2)
  4 kobolds
  2 quokkas (D:2)
  4 bats
  A giant cockroach (D:2)
  3 giant geckos (D:1)
  2 giant newts
  5 goblins
  5 rats
41 creatures vanquished.

Notes
Turn   | Place    | Note
--------------------------------------------------------------
     0 | D:1      | inmateoo the Vampire Enchanter began the quest for the Orb.
     0 | D:1      | Reached XP level 1. HP: 13/13 MP: 3/3
   370 | D:1      | Reached skill level 5 in Hexes
   370 | D:1      | Reached XP level 2. HP: 16/19 MP: 5/5
   374 | D:1      | Learned a level 2 spell: Ensorcelled Hibernation
   910 | D:2      | Reached XP level 3. HP: 18/24 MP: 1/6
   989 | D:2      | Learned a level 3 spell: Confuse
  1099 | D:2      | Reached skill level 6 in Hexes
  1605 | D:3      | Reached XP level 4. HP: 28/30 MP: 2/7
  1621 | D:3      | Killed from afar by an orc priest

Action                   |  1- 3 |  4- 6 || total
-------------------------+-------+-------++-------
Melee: Dagger            |   137 |     1 ||   138
 Cast: Ensorcelled Hiber |     9 |     1 ||    10
  Use: Potion            |       |     3 ||     3
       Scroll            |       |     2 ||     2
 Stab: Sleeping          |    16 |     1 ||    17
  Eat: Corpse            |    11 |       ||    11
